 Dungeon Crawl Stone Soup version 0.29.1-12-g30fa7ad0bf (webtiles) character file.

Game seed: 12737064290861631736

113 suse60 the Trooper (level 5, -7/43 HPs)
             Began as a Formicid Fighter on Jan 13, 2023.
             Mangled by an ice beast (8 damage)
             ... on level 3 of the Dungeon.
             The game lasted 00:08:46 (2786 turns).

suse60 the Trooper (Formicid Fighter)               Turns: 2786, Time: 00:08:47

Health: -7/43      AC:  6    Str: 23    XL:     5   Next: 17%
Magic:  5/5        EV:  9    Int:  7    God:
Gold:   208        SH:  6    Dex: 19    Spells: 4/4 levels left

rFire   . . .      SeeInvis +   a - +2 war axe
rCold   . . .      Faith    .   c - +0 buckler
rNeg    . . .      Spirit   .   b - +0 scale mail
rPois   .          Reflect  .   (helmet unavailable)
rElec   .          Harm     .   (no cloak)
rCorr   .          Rampage  .   (no gloves)
Will    .....                   (no boots)
Stlth   ..........              (no amulet)
HPRegen 0.14/turn               j - +6 ring of dexterity
MPRegen 0.09/turn               (no ring)

@: mighty
A: permanent stasis, dig shafts and tunnels, antennae 3, four strong arms
a: Dig, Shaft Self


You were on level 3 of the Dungeon.
You visited 1 branch of the dungeon, and saw 3 of its levels.

You collected 208 gold pieces.

Inventory:

Hand Weapons
 a - a +2 war axe (weapon)
Missiles
 f - 4 boomerangs (quivered)
Armour
 b - a +0 scale mail (worn)
 c - a +0 buckler (worn)
Jewellery
 j - a +6 ring of dexterity (left hand)
Potions
 e - a potion of heal wounds
 g - a potion of attraction {unknown}
 h - a potion of curing {unknown}
 i - a potion of invisibility {unknown}
 k - a potion of flight
 n - a potion of haste {unknown}
 o - a potion of cancellation {unknown}


   Skills:
 + Level 4.8 Fighting
 + Level 3.7 Axes
 - Level 3.2 Armour
 - Level 4.0 Shields


You had 4 spell levels left.
You didn't know any spells.
Your spell library was empty.

Dungeon Overview and Level Annotations

Branches:
Dungeon (3/15)

Altars:
Cheibriados
Fedhas


Innate Abilities, Weirdness & Mutations

You cannot be hasted, slowed, berserked, paralysed or teleported.
You can dig through walls and to a lower floor.
You have a pair of large antennae on your head. (SInv)
Your four strong arms can wield two-handed weapons with a shield.


Message History

Things that are here:
a +0 dagger; a goblin corpse The orc attacks as you move away!
You block the orc's attack. The orc attacks as you move away!
The orc hits you with a +0 mace.
You slash the orc!
You kill the orc!
An orc wizard comes into view. It is wielding a +0 dagger.
The orc wizard shouts!
The orc wizard moves out of view.
Things that are here:
a +0 mace; an orc corpse A goblin comes into view.
It is wielding a +0 club.
Things that are here:
a +0 mace; an orc corpse You closely miss the orc wizard.
The goblin shouts!
The orc wizard closely misses you.
You barely miss the orc wizard.
The orc wizard gestures at you while chanting.
The magic dart hits you.
You feel very mighty all of a sudden.
The orc wizard hits you with a +0 dagger.
You slash the orc wizard!
The orc wizard is heavily wounded.
The orc wizard hits you with a +0 dagger.
The orc priest calls down the wrath of Beogh upon you.
Beogh smites you!
The orc wizard points at you and mumbles some strange words.
The puff of flame hits you.
You slash the orc wizard!
You kill the orc wizard!
You have reached level 5!
You hit the ice beast.
The ice beast is moderately wounded.
The ice beast hits you. The ice beast freezes you!
* * * LOW HITPOINT WARNING * * *
The ice beast hits you.
* * * LOW HITPOINT WARNING * * *
The ice beast freezes you!
You die...

#....# # #...# +. #...## #.#
##....## #.###......#
#.....#.g.## ..###...###o##
......#.###Y####.#
#......@......#
#......#.###.######
#.######.# #.# ####........#
#.# .........#### #.#
.#######.# #.#
#####.######)#############
#..........#.............###
###+######.....#####........


You could see an ice beast, an orc priest and a goblin.

Vanquished Creatures
  An orc wizard (D:3)
  2 adders (D:2)
  2 orcs (D:3)
  6 ball pythons
  8 bats
  6 endoplasms
  A giant cockroach (D:1)
  4 goblins
  8 hobgoblins
  3 jackals (D:1)
  4 quokkas
  3 frilled lizards
  8 kobolds
  4 rats
60 creatures vanquished.

Notes
Turn   | Place    | Note
-------+----------+-------------------------------------------
     0 | D:1      | suse60 the Formicid Fighter began the quest for the Orb.
     0 | D:1      | Reached XP level 1. HP: 18/18 MP: 1/1
   101 | D:1      | Reached XP level 2. HP: 24/24 MP: 2/2
   155 | D:1      | Found a faded altar of an unknown god.
   407 | D:1      | Reached XP level 3. HP: 27/30 MP: 3/3
  1166 | D:2      | Reached XP level 4. HP: 37/37 MP: 4/4
  1755 | D:2      | Found a snail-covered altar of Cheibriados.
  2661 | D:3      | Found a blossoming altar of Fedhas.
  2759 | D:3      | Noticed an ice beast
  2786 | D:3      | Reached XP level 5. HP: 17/43 MP: 5/5
  2786 | D:3      | HP: 2/43 [ice beast (14)]
  2786 | D:3      | Mangled by an ice beast

Illustrated notes

Levels and vault maps discovered:
D:1:      lemuel_arrival_behind_the_door_large, layout_basic,
          basic_ecumenical_altar, minmay_misc_feat_secret_circle
D:2:      layout_loops_ring, basic_altar
D:3:      layout_loops_corners, nemelex_dance_club_becter, pf_just_have_faith,
          kennysheep_flooded_box

Skill      XL: |  1  2  3 |
---------------+----------+-----
Fighting       | 4 |  4.8
Axes           | 3 |  3.7
Armour         | |  3.2
Shields        | |  4.0

Action                   |  1- 3 |  4- 6 || total
-------------------------+-------+-------++-------
Melee: War axe           |    86 |    55 ||   141
  Use: Scroll            |     4 |     7 ||    11
       Potion            |       |     1 ||     1
Armor: Scale mail        |    27 |    17 ||    44
Dodge: Dodged            |    36 |    12 ||    48
Block: Buckler           |    19 |    11 ||    30
